 Seeded DCSS version 0.29-a0-982-gaed3a0c8d8 (webtiles) character file.

Game seed: 15447767800964622143 (custom seed)

12086 wilfster70 the Cleaver (level 11, -3/65 HPs)
             Began as a Gargoyle Fighter on Aug 1, 2022.
             Was a High Priest of Hepliaklqana.
             Slain by an orc warrior
             ... wielding a +0 scimitar
             ... led by an orc warlord
              (16 damage)
             ... on level 1 of the Orcish Mines.
             The game lasted 00:22:54 (12399 turns).

wilfster70 the Cleaver (Gargoyle Fighter)          Turns: 12399, Time: 00:22:54

Health: -3/65      AC: 17    Str: 21    XL:     11   Next: 87%
Magic:  17/17      EV: 11    Int: 17    God:    Hepliaklqana [*****.]
Gold:   923        SH:  6    Dex: 15    Spells: 10/10 levels left

rFire   . . .      SeeInvis .   a - +1 war axe (elec)
rCold   . . .      Faith    .   c - +1 buckler
rNeg    + . .      Spirit   .   A - +2 robe {Will+}
rPois   ∞          Reflect  .   G - +1 hat
rElec   +          Harm     .   I - +2 cloak {Will+}
rCorr   .          Rampage  .   (no gloves)
Will    ++...                   (no boots)
Stlth   +.........              (no amulet)
HPRegen 0.20/turn               v - ring "Jucu" {*Slow Int+5 Dex+6}
MPRegen 0.15/turn               y - ring of wizardry

@: studying Armour
A: reduced essence, sickness immunity, AC +8, negative energy resistance 1,
electricity resistance, torment resistance 1, petrification resistance
a: Renounce Religion, Recall Ancestor, Ancestor Identity, Transference, Idealise


You were on level 1 of the Orcish Mines.
You worshipped Hepliaklqana.
Hepliaklqana was extremely pleased with you.
You visited 2 branches of the dungeon, and saw 12 of its levels.
You also visited: Sewer and Bailey.

You collected 923 gold pieces.

Inventory:

Hand Weapons
 a - a +1 war axe of electrocution (weapon)
 b - a +1 demon whip of venom
 w - a +0 sling of freezing
Missiles
 C - 2 throwing nets (quivered)
Armour
 c - a +1 buckler (worn)
 A - a +2 robe of willpower (worn)
 G - a +1 hat (worn)
 I - a +2 cloak of willpower (worn)
Jewellery
 o - a ring of willpower
 v - the ring "Jucu" (left hand) {*Slow Int+5 Dex+6}
   (You acquired it on level 7 of the Dungeon)

   [ring of dexterity]

   Int:       It affects your intelligence (+5).
   Dex:       It affects your dexterity (+6).
   *Slow:     It may slow you when you take damage.
 y - a ring of wizardry (right hand)
 D - the ring "Meotu" {Ice *Corrode Str+3}
   (You took it off a kobold in a bailey)

   [ring of ice]

   It enhances your ice magic.
   Str:       It affects your strength (+3).
   rF:        It makes you vulnerable to fire.
   rC:        It protects you from cold.
   *Corrode:  It may corrode you when you take damage.
 O - a ring of protection from cold
Wands
 p - a wand of roots (18)
 z - a wand of paralysis (4)
 E - a wand of flame (20)
 M - a wand of digging (4)
Scrolls
 f - 4 scrolls of teleportation
 n - 2 scrolls of summoning
 r - a scroll of fog
 t - a scroll of magic mapping
 F - a scroll of fear
 N - a scroll of enchant armour
Potions
 d - 4 potions of might
 e - 4 potions of haste
 g - 7 potions of curing
 h - 6 potions of lignification
 i - a potion of heal wounds
 j - a potion of brilliance {unknown}
 k - 4 potions of magic
 l - 7 potions of flight
 m - 2 potions of cancellation
 q - 3 potions of mutation
 s - 2 potions of degeneration
 u - a potion of invisibility {unknown}
 x - a potion of berserk rage {unknown}
 B - a potion of attraction {unknown}
Miscellaneous
 H - a lightning rod (4/4)


   Skills:
 + Level 10.8 Fighting
 * Level 11.3 Axes
 - Level 10.1 Armour
 - Level 6.0 Shields
 - Level 8.0 Invocations


You had 10 spell levels left.
You didn't know any spells.
Your spell library contained the following spells:

 Spells                   Type           Power      Damage    Failure   Level
 Magic Dart               Conj           0%         1d3       12%         1
 Slow                     Hex            0%         N/A       12%         1
 Call Imp                 Summ           0%         N/A       17%         2
 Static Discharge         Conj/Air       0%         3-3/arc   17%         2
 Confusing Touch          Hex            0%         N/A       32%         3
 Mephitic Cloud           Conj/Pois/Air  0%         N/A       32%         3
 Vampiric Draining        Necr           0%         2d6       32%         3
 Dispel Undead            Necr           0%         3d6       71%         4
 Sticky Flame             Conj/Fire      0%         2d3       71%         4


Dungeon Overview and Level Annotations

Branches:
Dungeon (11/15)            Temple (0/1) D:6             Orc (1/2) D:9
  Sewer (visited)          Bailey (visited)
   Lair: D:8-11

Altars:
Ashenzari
Dithmenos
Elyvilon
Fedhas
Hepliaklqana
Makhleb
Ru

Shops:
D:10 *

Annotations:
D:7 4 runed translucent doors
D:9 1 runed translucent door, sanka's ghost, journeyman GnCj


Innate Abilities, Weirdness & Mutations

Your life essence is reduced to manifest your ancestor. (-10% HP)
You are immune to sickness and miasma.
Your stone body is resilient. (AC +8)
You are immune to poison.
You resist negative energy. (rN+)
You are resistant to electric shocks. (rElec)
You are resistant to unholy torment.
You are immune to petrification.


Message History

You slash the orc warrior! You slash the orc!
You kill the orc!
You hear a shout!
An orc warrior comes into view. It is wielding a +0 halberd.
The orc warrior hits you with a +0 scimitar!
An orc warlord comes into view.
It is wielding a +2 halberd of protection.
You slash the orc warrior!
The orc warrior is severely wounded.
You closely miss the orc. The orc closely misses you.
The orc warrior hits you with a +0 scimitar.
You hit the orc warrior.
The orc warrior is severely wounded.
You closely miss the orc.
The orc warrior hits you with a +0 scimitar!
The orc misses you.
The orc warlord roars a battlecry!
The orcs go into a battle-frenzy!
An orc comes into view. It is wielding a +0 mace.
You hear a shout!
The orc shouts!
You hear a shout!
The orc warrior attacks as you move away!
The orc warrior hits you with a +0 scimitar.
You hear a shout!
An orc warrior comes into view. It is wielding a +0 broad axe.
The orc warrior hits you with a +0 scimitar!!
* * * LOW HITPOINT WARNING * * *
The orc barely misses you.
The orc warlord hits you from afar with a +2 halberd of protection.
* * * LOW HITPOINT WARNING * * *
The orc warrior attacks as you move away!
The orc warrior closely misses you. The orc attacks as you move away!
The orc barely misses you.
An orc comes into view. It is wielding a +0 war axe.
The orc attacks as you move away! You block the orc's attack.
An orc comes into view. It is wielding a +0 hand axe.
The orc warlord roars a battlecry!
The orc goes into a battle-frenzy!
You hear a shout!
There is a staircase back to the Dungeon here.
The orc warrior hits you with a +0 scimitar!
You die...

....#.. ##
#.o.... .###
#...... .#.#
#..o.. #...
##.o.oo###$.##
#...o.o)#....#
#ooo...#
#.ooo.##
####@## ###


You could see an orc warlord, 5 orc warriors and 7 orcs.

Vanquished Creatures
  A centaur warrior (D:10)
  Amaemon (D:9)
  A skeletal warrior (D:10)
  Pikel (D:6)
  A manticore (D:7)
  An orange demon (D:9)
  3 trolls
  5 yaks
  Menkaure (D:5)
  An acid dragon (D:9)
  A warg (D:9)
  3 water moccasins
  7 orc warriors
  An ice beast (D:5)
  An ogre (D:7)
  4 centaurs
  5 kobold brigands
  5 scorpions
  7 wights
  3 howler monkeys
  A jelly (D:6)
  A hound (D:5)
  A gnoll bouda (D:7)
  4 orc priests
  An iguana (D:7)
  3 orc wizards
  6 gnolls
  6 adders
  A river rat (Sewer)
  3 white imps
  An ufetubus (D:6)
  4 worms
  3 dart slugs
  30 orcs
  4 bats
  13 endoplasms
  3 giant cockroaches
  7 goblins
  4 hobgoblins
  2 jackals (D:3)
  49 kobolds
  A quokka (D:1)
  6 ball pythons
  A frilled lizard (D:3)
  18 rats
226 creatures vanquished.

Vanquished Creatures (collateral kills)
  Gastronok (D:8)
  A tengu warrior (D:11)
  An ugly thing (D:11)
  Maurice (D:8)
  3 yaks
  A water moccasin (D:5)
  3 black bears
  3 orc warriors
  An ogre (D:4)
  A phantom (D:5)
  A centaur (D:10)
  3 kobold brigands
  6 wights
  An orc priest (D:9)
  A jelly (D:5)
  Crazy Yiuf (D:5)
  3 orc wizards
  2 iguanas (D:4)
  4 gnolls
  3 adders
  A river rat (Sewer)
  2 ufetubi (D:5)
  2 worms (D:4)
  13 orcs
  3 ball pythons
  2 endoplasms (D:3)
  4 goblins
  3 hobgoblins
  4 jackals (D:3)
  A bat (D:2)
  2 frilled lizards
  13 kobolds
  12 rats
103 creatures vanquished.

Vanquished Creatures (others)
  3 hexers
  A butterfly (D:11)
  2 plants (D:9)
6 creatures vanquished.

Grand Total: 335 creatures vanquished

Notes
Turn   | Place    | Note
-------+----------+-------------------------------------------
     0 | D:1      | wilfster70 the Gargoyle Fighter began the quest for the
                  | Orb.
     0 | D:1      | Reached XP level 1. HP: 14/14 MP: 1/1
    48 | D:1      | Reached skill level 2 in Axes
    85 | D:1      | Found a faded altar of an unknown god.
   110 | D:1      | Reached XP level 2. HP: 18/19 MP: 2/2
   117 | D:1      | Prayed at the altar of an unknown god.
   117 | D:1      | Became a worshipper of Hepliaklqana the Forgotten
   117 | D:1      | Reached * piety under Hepliaklqana
   833 | D:2      | Reached XP level 3. HP: 20/20 MP: 3/3
   859 | D:2      | Identified a scroll of acquirement
   859 | D:2      | Acquired a manual of Armour
  1115 | D:2      | Reached ** piety under Hepliaklqana
  1121 | D:2      | Remembered your ancestor Preben as a hexer
  1657 | D:3      | Reached skill level 3 in Axes
  1657 | D:3      | Reached XP level 4. HP: 25/26 MP: 4/4
  1766 | D:3      | Found a glowing drain.
  1773 | Sewer    | Entered a sewer
  2071 | Sewer    | Noticed a kobold brigand
  2078 | Sewer    | Killed a kobold brigand
  2079 | Sewer    | Reached skill level 5 in Armour
  2079 | Sewer    | Reached XP level 5. HP: 18/29 MP: 5/5
  2360 | Sewer    | Noticed a kobold brigand
  2381 | Sewer    | Killed a kobold brigand
  2382 | Sewer    | Reached skill level 4 in Axes
  2382 | Sewer    | Reached XP level 6. HP: 19/35 MP: 6/6
  3273 | D:4      | Reached *** piety under Hepliaklqana
  3343 | D:4      | Reached skill level 5 in Fighting
  3344 | D:4      | Reached XP level 7. HP: 39/39 MP: 7/7
  3523 | D:4      | Reached skill level 5 in Axes
  4027 | D:5      | Entered Level 5 of the Dungeon
  4085 | D:5      | Reached XP level 8. HP: 45/45 MP: 8/8
  4203 | D:5      | Reached skill level 6 in Axes
  4266 | D:5      | Found a runed translucent door.
  4267 | D:5      | Noticed Crazy Yiuf
  4277 | D:5      | Killed Crazy Yiuf
  4802 | D:5      | Noticed Menkaure
  4811 | D:5      | Killed Menkaure
  5102 | D:6      | Noticed Pikel
  5118 | D:6      | Killed Pikel
  5119 | D:6      | Reached skill level 7 in Axes
  5119 | D:6      | Reached XP level 9. HP: 42/51 MP: 9/9
  5211 | D:6      | Reached **** piety under Hepliaklqana
  5238 | D:6      | Found a staircase to the Ecumenical Temple.
  5605 | D:6      | Reached skill level 8 in Axes
  6196 | D:7      | Noticed a manticore
  6203 | D:7      | Killed a manticore
  6204 | D:7      | Reached skill level 10 in Armour
  6417 | D:7      | Found a broken altar of Ashenzari.
  6439 | D:7      | Acquired the ring "Jucu" {*Slow Int+5 Dex+6}
  6469 | D:7      | Found a huge runed translucent gate.
  6469 | D:7      | Noticed a manticore
  6470 | D:7      | Found a huge runed translucent gate.
  6472 | D:7      | Noticed a polar bear
  6472 | D:7      | Found a huge runed translucent gate.
  6472 | D:7      | Noticed a polar bear
  6472 | D:7      | Noticed a polar bear
  6474 | D:7      | Noticed a manticore
  6478 | D:7      | Noticed a polar bear
  6479 | D:7      | Found a huge runed translucent gate.
  6480 | D:7      | Reached skill level 1 in Invocations
  6922 | D:7      | Found a blossoming altar of Fedhas.
  7061 | D:7      | Found a burning altar of Makhleb.
  7153 | D:7      | Noticed a polar bear
  7246 | D:8      | Found a flagged portal.
  7255 | Bailey   | Entered a bailey
  7366 | Bailey   | Reached XP level 10. HP: 51/57 MP: 11/13
  7373 | Bailey   | Identified the ring "Meotu" {Ice *Corrode Str+3}
  7889 | D:8      | Reached skill level 5 in Invocations
  8145 | D:8      | Reached skill level 9 in Axes
  8185 | D:8      | Noticed Gastronok
  8198 | D:8      | Killed Gastronok
  8648 | D:8      | Noticed Maurice
  8659 | D:8      | Killed Maurice
  8931 | D:9      | Noticed sanka's ghost (journeyman GnCj)
  8942 | D:9      | Reached ***** piety under Hepliaklqana
  8991 | D:9      | Found a runed translucent door.
  9094 | D:9      | Reached XP level 11. HP: 64/64 MP: 17/17
  9118 | D:9      | Noticed Amaemon
  9141 | D:9      | Killed Amaemon
  9142 | D:9      | Reached skill level 10 in Axes
  9465 | D:9      | Reached skill level 10 in Fighting
 10032 | D:9      | Found a staircase to the Orcish Mines.
 10519 | D:10     | Entered Level 10 of the Dungeon
 10706 | D:10     | Found a sacrificial altar of Ru.
 10706 | D:10     | Found a shadowy altar of Dithmenos.
 10939 | D:10     | Reached skill level 5 in Shields
 11078 | D:10     | Noticed a centaur warrior
 11102 | D:10     | Killed a centaur warrior
 11182 | D:10     | Found Siodav's Fire Supplies.
 11536 | D:11     | Noticed a red ugly thing
 11540 | D:11     | Killed a red ugly thing
 11541 | D:11     | Reached skill level 11 in Axes
 11578 | D:11     | Found a white marble altar of Elyvilon.
 11583 | D:11     | Noticed a skeletal warrior
 11583 | D:11     | Noticed a skeletal warrior
 11589 | D:11     | Noticed a skeletal warrior
 11608 | D:11     | Noticed a skeletal warrior
 11611 | D:11     | Noticed a tengu warrior
 11613 | D:11     | Noticed a tengu warrior
 11631 | D:10     | Killed a skeletal warrior
 12054 | D:11     | Noticed a cyclops
 12068 | D:11     | Killed a tengu warrior
 12387 | Orc:1    | Entered Level 1 of the Orcish Mines
 12392 | Orc:1    | Noticed an orc warlord
 12399 | Orc:1    | Slain by an orc warrior

Illustrated notes

Levels and vault maps discovered:
D:1:      dpeg_arrival_leaves_temple_mockup, layout_rooms,
          hellmonk_ecumenical_altar_crossroads
D:2:      layout_basic, minmay_tetromino_s2
D:3:      layout_loops_cross, portal_sewer_entry_e
D:4:      layout_cave_pools
D:5:      layout_loops_ring, chequers_serial_rivers_micro_e,
          uniq_crazy_yiuf_cottage, uniq_menkaure
D:6:      layout_loops_corners, minmay_temple_entry_overgrown, uniq_pikel
D:7:      lemuel_bear_cage, layout_basic, grunt_temple_overflow_open
D:8:      layout_gridville, enter_bailey_3, feat_on_display, uniq_maurice,
          uniq_gastronok
D:9:      layout_gridville, david_orc_3, hellmonk_ghost_big_iron, uniq_amaemon
D:10:     layout_stronghold, gammafunk_temple_overflow_pools,
          nicolae_shop_fire_sale [nicolae_sub_dead_trees]
D:11:     layout_basic, erik_lair_dragon, nicolae_elyvilon_peaceful_grove,
          uniq_grum, uniq_lodul, uniq_fannar, uniq_urug
Orc:1:    layout_diamond_mine

Skill      XL: |  1  2  3  4  5  6  7  8  9 10 11 |
---------------+----------------------------------+-----
Axes           | 2 3 4 5 7 8 9 11 | 11.3
Armour         | 4 5 6 7 9 10 | 10.1
Fighting       | 4 5 7 8 9 10 | 10.8
Invocations    | 4 8 |  8.0
Shields        | 6 |  6.0

Action                   |  1- 3 |  4- 6 |  7- 9 | 10-12 || total
-------------------------+-------+-------+-------+-------++-------
Melee: War axe           |    66 |   122 |   234 |   255 ||   677
Invok: Ancestor Life: He |     1 |       |       |       ||     1
       Idealise          |       |       |       |     1 ||     1
  Use: Scroll            |     4 |     6 |     7 |     8 ||    25
       Potion            |       |       |       |     5 ||     5
 Stab: Confused          |       |     2 |     1 |     9 ||    12
       Distracted        |       |     1 |     1 |     2 ||     4
       Sleeping          |       |       |       |     1 ||     1
Armor: Scale mail        |    20 |       |       |       ||    20
       Chain mail        |    33 |    88 |    64 |       ||   185
       Robe              |       |       |    56 |   137 ||   193
Dodge: Dodged            |    27 |    52 |    65 |   114 ||   258
Block: Buckler           |    15 |    20 |    47 |    79 ||   161

Table legend: (Time is in decaauts)
 A = Elapsed time spent in this place.
 B = Non-inter-level travel time spent in this place.
 C = Inter-level travel time spent in this place.
 D = Time resting spent in this place.
 E = Time spent auto-exploring this place.
 F = Levels seen in this place.
 G = Mean time per level.
                   A        B        C        D        E       F      G
               +--------+--------+--------+--------+--------+-----+--------+
         Total |  12509 |  12119 |    390 |   3538 |   4822 |  14 |  893.5 |
       Dungeon |  11206 |  10817 |    389 |   3101 |   4639 |  11 | 1018.7 |
  Orcish Mines |     11 |     11 |      0 |      0 |      0 |   1 |   11.0 |
         Sewer |    821 |    821 |      0 |    402 |      0 |   1 |  821.0 |
        Bailey |    469 |    469 |      0 |     35 |    182 |   1 |  469.0 |
               +--------+--------+--------+--------+--------+-----+--------+

Top non-repeatable levels by time:
     D:9: 1678 daAuts
    D:10: 1625 daAuts
     D:6: 1304 daAuts
     D:8: 1178 daAuts
     D:5: 1068 daAuts
     D:3: 872 daAuts
     D:7: 866 daAuts
   Sewer: 821 daAuts
     D:4: 816 daAuts
     D:1: 804 daAuts
     D:2: 799 daAuts
  Bailey: 469 daAuts
    D:11: 192 daAuts
   Orc:1: 11 daAuts
